 Dungeon Crawl Stone Soup version 0.30-b1-2-g02819fbbbe (webtiles) character file.

Game seed: 3570047882454047028

(classic levelgen) 1503 EnegeticOcto the Cleaver (level 8, -2/69 (71) HPs)
             Began as a Minotaur Fighter on May 9, 2023.
             Was an Initiate of Gozag.
             Slain by a wight
             ... wielding a +0 morningstar
              (9 damage)
             ... on level 7 of the Dungeon.
             The game lasted 00:02:19 (4880 turns).

EnegeticOcto the Cleaver (Minotaur Fighter)         Turns: 4880, Time: 00:02:19

HP:   -2/69 (71)    AC: 14    Str: 24    XL:     8   Next: 52%
MP:   7/7           EV:  6    Int:  5    God:    Gozag
Gold: 644           SH:  5    Dex:  9    Spells: 7/7 levels left

rFire   . . .        a - +1 war axe
rCold   . . .        c - +0 buckler
rNeg    . . .        f - +0 plate armour
rPois   .            (helmet restricted)
rElec   .            (no cloak)
rCorr   .            e - +0 pair of gloves
SInv    .            (no boots)
Will    .....        (no amulet) Stlth
                     (no ring)
HPRegen 0.31/turn    (no ring)
MPRegen 0.10/turn

%: no passive effects
@: gold aura, lightly drained
A: horns 2, retaliatory headbutt
a: Renounce Religion, Potion Petition, Call Merchant, Bribe Branch


You were on level 7 of the Dungeon.
You worshipped Gozag.
Gozag was pleased with you.
You visited 1 branch of the dungeon, and saw 7 of its levels.

You collected 674 gold pieces.
You paid 30 gold pieces to Gozag.

Inventory:

Hand Weapons
 a - a +1 war axe (weapon)
Armour
 b - a +0 scale mail
 c - a +0 buckler (worn)
 e - a +0 pair of gloves (worn)
   (You found it on level 1 of the Dungeon)
 f - a +0 plate armour (worn)
   (You found it on level 5 of the Dungeon)
Jewellery
 o - a ring of willpower
   (You found it on level 6 of the Dungeon)
Wands
 q - a wand of mindburst (7)
   (You found it on level 6 of the Dungeon)
 t - a wand of iceblast (7) {@v2}
   (You found it on level 4 of the Dungeon)
Scrolls
 j - 4 scrolls of enchant weapon
 l - a scroll of fear
 n - a scroll of identify {@r1}
 s - a scroll of vulnerability
Potions
 d - 3 potions of might {@q3}
 g - a potion of resistance {@q5}
 h - 5 potions of curing {@q1}
 i - 4 potions of heal wounds {@q2}
 k - a potion of magic {unknown}
 m - a potion of invisibility
 p - 3 potions of haste {@q4}
 r - a potion of attraction
 u - 4 potions of degeneration {unknown}
 v - 2 potions of cancellation {unknown}


   Skills:
 + Level 6.8 Fighting
 * Level 8.4 Axes
 + Level 6.8 Armour
 + Level 6.7 Shields


You had 7 spell levels left.
You didn't know any spells.
Your spell library was empty.

Dungeon Overview and Level Annotations

Branches:
Dungeon (7/15)
 Temple: D:4-7

Altars:
Dithmenos
Gozag
Hepliaklqana


Innate Abilities, Weirdness & Mutations

You have a pair of horns on your head.
You reflexively headbutt those who attack you in melee.


Message History

(D) Dungeon
Where to? (Enter - D:6, ? - help)
There is a stone staircase leading down here.
You climb downwards.
The iguana hisses angrily.
There is a stone staircase leading up here.
An iguana is nearby!
An iguana is nearby!
An iguana is nearby!
An iguana is nearby!
An iguana is nearby!
Found a scroll of identify.
The iguana bites you.
You hit the iguana but do no damage. The iguana bites you!
You barely miss the iguana. Your headbutt misses the iguana.
The iguana bites you!
You slash the iguana!
The iguana is severely wounded.
The iguana bites you.
You slash the iguana!
You kill the iguana!
No target in view!
No target in view!
No target in view!
A wight comes into view. It is wielding a +2 spear of freezing.
A wight is nearby!
A wight is nearby!
A wight comes into view. It is wielding a +0 spear.
A wight comes into view. It is wielding a +0 morningstar.
The wight barely misses you.
A wight comes into view. It is wielding a +0 scimitar.
The wight closely misses you.
You barely miss the wight.
The wight hits you with a +2 spear of freezing!
The wight freezes you.
You hit the wight but do no damage. You barely miss the wight.
You headbutt the wight, but do no damage.
The wight hits you from afar with a +2 spear of freezing.
The wight freezes you. The wight hits you but does no damage.
You barely miss the wight. Your headbutt misses the wight.
You block the wight's attack.
The wight hits you from afar with a +2 spear of freezing!
The wight freezes you.
You closely miss the wight. The wight barely misses you.
The wight hits you from afar with a +0 spear.
You feel drained.
A wight comes into view. It is wielding a +0 war axe.
The wight closely misses you. You furiously retaliate!
You headbutt the wight. You slash the wight!
You destroy the wight!
The wight hits you from afar with a +2 spear of freezing.
The wight freezes you. The wight barely misses you.
The wight hits you but does no damage.
The wight hits you from afar with a +2 spear of freezing.
You feel drained. The wight freezes you.
You are too injured to fight recklessly!
You are too injured to fight recklessly!
You are too injured to fight recklessly!
You are too injured to fight recklessly!
There are monsters nearby!
There are monsters nearby!
You are too injured to fight recklessly!
You are too injured to fight recklessly!
You are too injured to fight recklessly!
You are too injured to fight recklessly!
You are too injured to fight recklessly!
The wight barely misses you. The wight closely misses you.
You furiously retaliate!
You headbutt the wight, but do no damage.
The wight closely misses you.
You closely miss the wight. You hit the wight. x2
The wight hits you but does no damage. You block the wight's attack.
The wight hits you with a +0 spear.
You feel drained.
The wight is distracted by your dazzling golden aura.
You barely miss the wight. You hit the wight but do no damage. x2
The wight hits you with a +0 morningstar.
The wight completely misses you. The wight barely misses you.
You furiously retaliate!
You headbutt the wight. You completely miss the wight.
Your headbutt misses the wight. You slash the wight! You barely miss the wight.
The wight closely misses you.
The wight hits you with a +2 spear of freezing.
* * * LOW HITPOINT WARNING * * *
You feel drained.
* * * LOW HITPOINT WARNING * * *
The wight freezes you.
* * * LOW HITPOINT WARNING * * *
The wight hits you with a +0 spear.
* * * LOW HITPOINT WARNING * * *
You feel drained.
You slash the wight! You headbutt the wight!
You destroy the wight!
You hit the wight.
You destroy the wight!
You hit the wight but do no damage.
The wight hits you with a +0 morningstar.
* * * LOW HITPOINT WARNING * * *
You feel drained.
The wight hits you with a +0 morningstar!
You die...
Your body crumbles into a pile of gold.

#. ..
.##'############
#...............
$
#...............
#...............
$
#....?z.........
#.....$@........
..#+###.z...###
#.....# #.....+
#.....# ##...$.#
#......#
#......#
#......#


You could see 2 wights.

Vanquished Creatures
  3 ogres (D:6)
  A centaur (D:6)
  A phantom (D:5)
  5 scorpions
  3 wights (D:7)
  2 howler monkeys (D:6)
  An orc priest (D:6)
  A hound (D:5)
  5 iguanas
  Natasha (D:2)
  3 orc wizards
  11 gnolls
  8 adders
  2 dart slugs (D:3)
  12 orcs
  4 endoplasms
  5 giant cockroaches
  10 goblins
  10 hobgoblins
  4 jackals (D:3)
  3 quokkas (D:3)
  6 ball pythons
  8 bats
  4 frilled lizards
  3 kobolds
  5 rats
121 creatures vanquished.

Notes
Turn   | Place    | Note
-------+----------+-------------------------------------------
     0 | D:1      | EnegeticOcto the Minotaur Fighter began the quest for the
                  | Orb.
     0 | D:1      | Reached XP level 1. HP: 19/19 MP: 0/0
   181 | D:1      | Reached skill level 3 in Axes
   181 | D:1      | Reached XP level 2. HP: 25/27 MP: 1/1
   506 | D:1      | Reached XP level 3. HP: 33/33 MP: 2/2
   822 | D:2      | Found a shadowy altar of Dithmenos.
   990 | D:2      | Reached XP level 4. HP: 38/40 MP: 3/3
   994 | D:2      | Reached skill level 4 in Axes
  1052 | D:2      | Noticed Natasha
  1056 | D:2      | Killed Natasha
  1172 | D:3      | Reached XP level 5. HP: 45/47 MP: 4/4
  1258 | D:3      | Found an opulent altar of Gozag.
  1339 | D:3      | Became a worshipper of Gozag Ym Sagoz the Greedy
  1708 | D:4      | Reached skill level 5 in Axes
  1755 | D:4      | Reached skill level 5 in Armour
  1755 | D:4      | Reached XP level 6. HP: 13/55 MP: 5/5
  1932 | D:4      | Reached skill level 5 in Fighting
  1932 | D:4      | Reached skill level 5 in Shields
  2099 | D:4      | Found a hazy altar of Hepliaklqana.
  2343 | D:5      | Entered Level 5 of the Dungeon
  2645 | D:5      | Reached skill level 6 in Axes
  2645 | D:5      | Reached XP level 7. HP: 47/61 MP: 6/6
  3883 | D:6      | Reached skill level 7 in Axes
  3921 | D:6      | Reached XP level 8. HP: 70/70 MP: 7/7
  4502 | D:6      | Reached skill level 8 in Axes
  4880 | D:7      | Slain by a wight

Illustrated notes

Levels and vault maps discovered:
D:1:      noname_arrival_rooms_in_the_neighbourhood, layout_basic,
          minmay_misc_feat_alley
D:2:      layout_rooms, basic_altar, uniq_natasha
D:3:      layout_rooms, mainiacjoe_overflow_tiny_flanked,
          chequers_serial_rivers_marsh
D:4:      layout_rooms, mainiacjoe_overflow_small_starburst, st_stairs_11,
          grunt_decor_fettered, feat_on_display
D:5:      layout_loops_ring, hangedman_decor_clover_reticule,
          minmay_increasing_density
D:6:      layout_basic
D:7:      layout_gridville, minmay_temple_entry_waves, serial_shops,
          kennysheep_mini_moat

Skill      XL: |  1  2  3  4  5  6  7  8 |
---------------+-------------------------+-----
Axes           | 3 4 5 6 7 8 |  8.4
Armour         | 4 5 6 |  6.8
Shields        | 4 5 6 |  6.7
Fighting       | 4 5 6 |  6.8

Action                     |  1- 3 |  4- 6 |  7- 9 || total
---------------------------+-------+-------+-------++-------
  Melee: War axe           |    69 |   128 |   115 ||   312
         Headbutt          |     7 |    13 |    18 ||    38
    Use: Scroll            |       |       |    14 ||    14
   Stab: Distracted        |       |     1 |     1 ||     2
 Armour: Scale mail        |    36 |    61 |     6 ||   103
         Plate armour      |       |       |    33 ||    33
  Dodge: Dodged            |    33 |    54 |    42 ||   129
  Block: Buckler           |    19 |    30 |    20 ||    69
